Map: Tropical Sacrifice

Players

KEKW - Winner!

  • Race: Protoss Protoss
  • League: Grandmaster
  • Spawn Location: 7:00

vaxxxooro

  • Race: Zerg Zerg
  • League: Grandmaster
  • Spawn Location: 1:00

VOD

Have the link to the VOD?

Description

Time

  • Played on: Dec. 29, 2022, 3:02 p.m.
  • Length: 11:15
Show
View Real Time Build Order
Export as new Build Order

KEKW Protoss - Winner!

Build Orders: 1 Gate Expand, Oracle Opening 

Get SALT Encoding   

  12  0:00  Probe  
  13  0:12  Probe  
  14  0:20  Pylon  
  14  0:24  Probe  
  15  0:38  Probe (Chrono Boost)  
  15  0:39  Gateway  
  16  0:48  Probe (Chrono Boost), Assimilator  
  17  0:53  Probe (Chrono Boost)  
  18  1:04  Probe  
  19  1:17  Probe  
  20  1:27  Nexus  
  20  1:35  Cybernetics Core  
  20  1:39  Probe  
  21  1:45  Assimilator  
  21  1:51  Probe  
  22  1:56  Pylon  
  22  2:04  Probe (Chrono Boost)  
  23  2:12  Adept (Chrono Boost)  
  25  2:18  Stargate, Probe (Chrono Boost)  
  26  2:26  Probe  
  26  2:27  Warp Gate  
  27  2:37  Stalker  
  27  2:41  Probe (Chrono Boost)  
  31  2:44  Probe (Chrono Boost)  
  31  2:52  Probe (Chrono Boost)  
  31  2:53  Probe (Chrono Boost)  
  33  3:00  Probe  
  33  3:03  Probe  
  35  3:08  Oracle (Chrono Boost)  
  35  3:12  Probe  
  39  3:15  Probe  
  40  3:24  Probe  
  41  3:27  Probe, Twilight Council  
  42  3:34  Gateway  
  42  3:36  Probe  
  42  3:40  Probe  
  44  3:45  Pylon  
  44  3:54  Nexus  
  44  3:56  Probe  
  44  3:58  Probe  
  46  4:03  Pylon  
  46  4:09  Probe  
  47  4:15  Probe  
  48  4:17  Oracle  
  48  4:19  Adept  
  48  4:21  Probe  
  51  4:24  Assimilator  
  51  4:25  Assimilator  
  51  4:27  Probe  
  51  4:29  Adept, Blink (Chrono Boost)  
  54  4:36  Pylon  
  54  4:45  Gateway  
  54  4:48  Gateway  
  54  4:51  Pylon  
  54  4:54  Probe x2  
  59  5:07  Probe (Chrono Boost)  
  59  5:10  Shield Battery  
  59  5:11  Probe x2 (Chrono Boost)  
  59  5:16  Probe (Chrono Boost)  
  59  5:18  Gateway  
  59  5:20  Probe x2 (Chrono Boost)  
  62  5:21  Probe (Chrono Boost)  
  62  5:22  Pylon  
  62  5:25  Stalker x2  
  67  5:30  Probe  
  68  5:36  Pylon, Probe x2  
  71  5:44  Gateway  
  71  5:48  Probe  
  73  5:50  Stalker x2  
  73  5:52  Stalker  
  73  5:55  Stalker  
  75  6:11  Gateway  
  75  6:12  Probe x2  
  75  6:14  Stalker x2  
  81  6:18  Stalker  
  81  6:19  Stalker  
  81  6:20  Stalker  
  87  6:26  Pylon  
  87  6:39  Stalker x3  
  93  6:42  Pylon, Stalker  
  93  6:43  Stalker  
  93  6:45  Stalker  
  92  7:08  Stalker x3  
  92  7:09  Stalker x3  
  98  7:22  Stalker  
  99  7:41  Stalker x6  
  104  7:50  Adept  
  84  8:19  Stalker x7  
  66  8:38  Probe  
  67  8:44  Stalker x7  
  81  8:50  Probe  
  80  9:10  Stalker x2  
  80  9:11  Stalker x5  
  81  9:34  Stalker x6  
  91  9:43  Pylon  
  91  10:00  Stalker  
  91  10:02  Stalker x3  
  91  10:03  Stalker  
  93  10:33  Stalker x4  
  95  11:00  Stalker x3  
Show
View Real Time Build Order
Export as new Build Order

vaxxxooro Zerg 

Build Orders: Hatch First 

Get SALT Encoding   

  12  0:00  Drone  
  13  0:14  Overlord  
  13  0:18  Drone  
  14  0:32  Drone x2  
  16  0:50  Hatchery  
  16  0:53  Drone  
  16  0:57  Drone  
  16  1:00  Drone  
  18  1:11  Extractor  
  18  1:16  Spawning Pool  
  16  1:19  Drone  
  16  1:23  Drone  
  18  1:30  Drone  
  19  1:43  Drone  
  20  1:54  Overlord  
  20  2:03  Queen x2  
  20  2:04  Zergling x4  
  26  2:14  Drone x2  
  28  2:24  Drone x2, Metabolic Boost  
  30  2:38  Hatchery  
  30  2:43  Drone  
  30  2:47  Drone  
  30  2:48  Drone, Zergling x2  
  33  2:56  Overlord  
  33  2:57  Drone  
  34  3:04  Queen  
  36  3:17  Drone x2  
  36  3:18  Drone x2  
  39  3:23  Drone x2  
  41  3:28  Drone, Spore Crawler  
  41  3:31  Zergling x4  
  41  3:32  Evolution Chamber  
  42  3:37  Drone x2  
  44  3:47  Overlord  
  44  3:49  Queen x2  
  44  3:52  Drone  
  44  3:53  Drone, Spore Crawler  
  44  3:55  Zergling x2  
  50  3:58  Zerg Melee Weapons Level 1  
  50  4:02  Overlord  
  50  4:08  Overlord  
  48  4:19  Drone x7  
  48  4:22  Drone  
  55  4:24  Overlord  
  54  4:33  Drone x5  
  54  4:34  Drone  
  60  4:40  Lair  
  60  4:44  Roach Warren  
  59  4:46  Drone x2  
  59  4:52  Drone x2  
  63  4:54  Extractor  
  63  4:56  Extractor  
  63  4:57  Zergling x6  
  64  5:02  Drone x5  
  69  5:09  Drone x5  
  74  5:15  Extractor  
  74  5:16  Spore Crawler  
  74  5:17  Extractor  
  74  5:19  Zergling x2  
  74  5:20  Zergling x4  
  74  5:22  Queen  
  76  5:36  Zergling x6  
  76  5:38  Drone x3  
  76  5:39  Overlord x2  
  76  5:41  Overlord x2  
  81  5:47  Glial Reconstitution  
  81  5:53  Zerg Missile Weapons Level 1  
  77  5:57  Roach  
  77  5:58  Roach x6  
  89  6:11  Extractor  
  89  6:13  Roach, Spire  
  89  6:14  Overlord x3  
  89  6:16  Drone x3  
  94  6:18  Roach x3  
  98  6:27  Drone x3  
  98  6:28  Roach x2  
  105  6:33  Roach x3  
  111  6:42  Zergling x6  
  111  6:43  Ravager, Zergling x4  
  111  6:44  Ravager  
  118  6:49  Zergling x10  
  118  6:50  Ravager  
  124  6:58  Zergling x12  
  118  7:05  Zergling x2  
  118  7:07  Zergling x2  
  107  7:12  Zergling x14  
  110  7:18  Roach  
  112  7:22  Roach  
  112  7:23  Roach  
  112  7:28  Ravager x2  
  112  7:29  Ravager, Roach x4  
  125  7:32  Roach  
  123  7:39  Roach x2  
  125  7:45  Roach x4  
  125  7:48  Ravager  
  125  7:50  Roach  
  133  7:54  Zergling x8  
  132  8:01  Roach x5  
  122  8:07  Roach x2  
  122  8:10  Roach  
  122  8:11  Roach x3  
  117  8:14  Queen x2  
  106  8:20  Roach x3  
  109  8:27  Roach  
  109  8:28  Roach x3  
  109  8:30  Ravager x2  
  109  8:32  Roach  
  118  8:37  Ravager  
  118  8:38  Ravager x2  
  118  8:39  Roach x2  
  121  8:45  Roach  
  120  8:55  Roach x3  
  126  8:56  Queen x2  
  126  9:00  Roach x2  
  131  9:04  Roach  
  131  9:08  Roach  
  126  9:11  Ravager x5  
  126  9:15  Roach  
  133  9:22  Roach x3  
  129  9:27  Zergling x12  
  114  9:32  Zergling x2  
  114  9:35  Queen  
  106  9:39  Zergling x4  
  106  9:44  Roach  
  106  9:45  Ravager  
  104  9:46  Ravager  
  104  9:47  Ravager x3  
  104  9:50  Zergling x2  
  104  9:51  Zergling x2  
  102  9:54  Roach  
  102  9:58  Roach  
  102  10:00  Roach  
  102  10:02  Roach  
  104  10:12  Roach x6  
  113  10:15  Roach  
  113  10:20  Roach x2  
  92  10:29  Roach x2  
  92  10:30  Roach  
  84  10:37  Roach  
  84  10:40  Roach  
  84  10:42  Roach  
  76  10:47  Roach  
Tags
 
Add a new tag
Caveats
  • Supply blocks, unpowered buildings, or Contaminate may cause inaccurate times.
  • Supply counts are checked every 10 seconds.